 Dungeon Crawl Stone Soup version 0.28-a0-1567-g1695149f81 (webtiles) character file.

Game seed: 10675596226938136273

869 a3don the Magician (level 8, -1/57 HPs)
             Began as a Human Hedge Wizard on Jan 20, 2022.
             Slain by a killer bee (5 damage)
             ... on level 5 of the Dungeon.
             The game lasted 00:20:10 (5817 turns).

a3don the Magician (Human Hedge Wizard)             Turns: 5817, Time: 00:20:11

Health: -1/57      AC:  3    Str: 14    XL:     8   Next: 24%
Magic:  14/14      EV: 13    Int: 17    God:
Gold:   39         SH:  0    Dex: 12    Spells: 7/15 levels left

rFire   + . .      SeeInvis .   v - +7 Singing Sword {vorpal, sonic wave}
rCold   + . .      Faith    .   (no shield)
rNeg    . . .      Spirit   .   b - +0 robe
rPois   .          Reflect  .   c - +0 hat
rElec   .          Harm     .   (no cloak)
rCorr   .          Rampage  .   F - +0 pair of gloves {Str+3}
Will    .....                   (no boots)
Stlth   ++........              p - amulet of magic regeneration
HPRegen 0.19/turn               f - ring of protection from cold
MPRegen 0.54/turn               o - ring of protection from fire

@: lethally poisoned (-1 -> -7)
A: no striking features
a: no special abilities


You were on level 5 of the Dungeon.
You visited 1 branch of the dungeon, and saw 5 of its levels.

You collected 218 gold pieces.
You spent 179 gold pieces at shops.

Inventory:

Hand Weapons
 a - a +0 dagger
 i - a +0 quarterstaff
 j - a +1 dagger of electrocution
 v - the +7 Singing Sword (weapon) {vorpal, sonic wave}
   (You found it on level 3 of the Dungeon)

   It inflicts extra damage upon your enemies.
   It radiates damaging sonic waves as it strikes, especially in combat
   involving dangerous or numerous foes.
 x - a +0 fustibalus
 z - a +2 dagger of venom
 A - a +0 rapier of draining
 B - a +0 hunting sling
Missiles
 n - 11 poisoned darts (quivered)
 s - 28 sling bullets
 u - 77 stones
Armour
 b - a +0 robe (worn)
 c - a +0 hat (worn)
 g - a +0 kite shield
 F - a +0 pair of gloves of strength (worn)
Jewellery
 f - a ring of protection from cold (left hand)
 o - a ring of protection from fire (right hand)
 p - an amulet of magic regeneration (around neck)
 w - a +6 ring of dexterity
 y - a ring of willpower
 C - a ring of fire
 H - an amulet of guardian spirit
Scrolls
 d - a scroll of noise {unknown}
 e - 2 scrolls of fear
 k - a scroll of enchant armour {unknown}
 l - 2 scrolls of identify
 q - 3 scrolls of immolation {unknown}
 r - a scroll of silence {unknown}
 t - 2 scrolls of teleportation
 G - a scroll of fog {unknown}
Potions
 h - a potion of curing
 m - 3 potions of flight
 D - a potion of berserk rage
 E - a potion of heal wounds


   Skills:
 + Level 2.6 Fighting
 + Level 1.9 Long Blades
 - Level 1.2 Staves
 + Level 3.5 Dodging
 + Level 3.6 Stealth
 + Level 4.0 Spellcasting
 + Level 3.1 Conjurations
 + Level 2.9 Summonings
 - Level 1.1 Translocations
 + Level 2.3 Air Magic
 + Level 2.3 Poison Magic


You had 7 spell levels left.
You knew the following spells:

 Your Spells              Type           Power      Damage    Failure   Level
a - Magic Dart            Conj           56%        1d5       4%          1
b - Call Imp              Summ           13%        N/A       7%          2
c - Blink                 Tloc           14%        N/A       14%         2
d - Mephitic Cloud        Conj/Pois/Air  12%        N/A       16%         3

Your spell library contained the following spells:

 Spells                   Type           Power      Damage    Failure   Level
 Slow                     Hex            12%        N/A       16%         1
 Conjure Flame            Conj/Fire      8%         6-21      24%         3
 Dazzling Flash           Conj/Hex       16%        N/A       24%         3
 Silence                  Hex/Air        3%         N/A       95%         5
 Agony                    Necr           3%         N/A       99%         5


Dungeon Overview and Level Annotations

Branches:
Dungeon (5/15)
 Temple: D:4-7

Altars:
Okawaru

Shops:
D:4 ([??

Portals:
Abyss: D:4

Annotations:
D:4 2 transporters, croobank's ghost, amateur DgTm


Message History

You are poisoned.
The killer bee poisons you! The killer bee stings your crimson imp!
Your crimson imp blinks!
Really attack near your crimson imp?
You closely miss the killer bee.
The killer bee is almost dead.
You feel very sick. The killer bee stings you. The killer bee stings you!
You are more poisoned.
The killer bee poisons you! The killer bee stings you!
The killer bee stings you. x2
You are more poisoned.
The killer bee poisons you! Really attack near your crimson imp?
You slash the killer bee!
The Singing Sword repeatedly practises the high pitch.
You send a blast of sound all around you.
Your crimson imp and the killer bee are blasted.
You kill your crimson imp!
Your crimson imp disappears in a puff of smoke!
The killer bee is heavily wounded.
You kill the killer bee!
You feel very sick. The killer bee misses you. The killer bee stings you!
* * * LOW HITPOINT WARNING * * *
The killer bee closely misses you.
You miss the killer bee.
The killer bee is heavily wounded.
* * * LOW HITPOINT WARNING * * *
You feel very sick. The killer bee misses you.
The killer bee barely misses you.
You hit the killer bee but do no damage.
The killer bee is heavily wounded.
* * * LOW HITPOINT WARNING * * *
You feel very sick.
The killer bee stings you but does no damage.
The killer bee stings you.
* * * LOW HITPOINT WARNING * * *
The killer bee stings you.
You die...

#.#.#######
#.#...†...#
#.######.##
#.# #.# #.#
#.# #.# #.#
#.######.##
#†y.......#
#@#########
###


You could see a killer bee.

Vanquished Creatures
  Duvessa (D:4)
  2 ogres
  Dowan (D:4)
  4 killer bees (D:5)
  A howler monkey (D:4)
  An orc priest (D:4)
  A bullfrog skeleton (D:2)
  An orc wizard (D:4)
  14 adders
  7 worms
  2 dart slugs
  6 orcs
  5 endoplasms
  5 goblins
  11 hobgoblins
  5 jackals
  5 kobolds
  A quokka (D:1)
  4 ball pythons
  2 bats (D:1)
  5 frilled lizards
  5 rats
89 creatures vanquished.

Vanquished Creatures (collateral kills)
  An adder (D:2)
  A dart slug (D:1)
  A bat (D:1)
  3 goblins
  2 hobgoblins (D:2)
  2 kobolds
10 creatures vanquished.

Grand Total: 99 creatures vanquished

Notes
Turn   | Place    | Note
-------+----------+-------------------------------------------
     0 | D:1      | a3don the Human Hedge Wizard began the quest for the Orb.
     0 | D:1      | Reached XP level 1. HP: 13/13 MP: 4/4
   364 | D:1      | Reached XP level 2. HP: 20/20 MP: 1/6
   367 | D:1      | Learned a level 2 spell: Call Imp
   370 | D:1      | Learned a level 2 spell: Blink
   905 | D:1      | Reached XP level 3. HP: 16/25 MP: 5/7
  1883 | D:2      | Found an iron altar of Okawaru.
  1936 | D:2      | Reached XP level 4. HP: 31/31 MP: 3/8
  1981 | D:2      | Learned a level 3 spell: Mephitic Cloud
  2076 | D:2      | Reached skill level 1 in Fighting
  2110 | D:2      | Reached skill level 1 in Staves
  2353 | D:1      | Reached XP level 5. HP: 26/37 MP: 10/10
  2745 | D:2      | Noticed a floating eye
  2747 | D:2      | Found a faded altar of an unknown god.
  2749 | D:2      | Noticed a great orb of eyes
  2749 | D:2      | Noticed a shining eye
  2749 | D:2      | Noticed an eye of devastation
  3274 | D:3      | Found the +7 Singing Sword {vorpal, sonic wave}
  3505 | D:3      | Noticed an ogre
  3514 | D:3      | Killed an ogre
  3515 | D:3      | Reached skill level 1 in Air Magic
  3515 | D:3      | Reached skill level 1 in Poison Magic
  3515 | D:3      | Reached XP level 6. HP: 44/44 MP: 9/11
  3971 | D:4      | Found a transporter.
  3984 | D:4      | Found a transporter.
  3998 | D:4      | Noticed Duvessa
  4001 | D:4      | Noticed Dowan
  4008 | D:4      | Noticed an ogre
  4011 | D:4      | Killed Dowan
  4013 | D:4      | Killed an ogre
  4014 | D:4      | Reached skill level 1 in Long Blades
  4014 | D:4      | Reached XP level 7. HP: 30/50 MP: 12/12
  4016 | D:4      | Killed Duvessa
  4124 | D:4      | Noticed a small abomination
  4296 | D:4      | Found a one-way gate to the infinite horrors of the Abyss.
  4460 | D:4      | Found Paed's Armour Emporium.
  4460 | D:4      | Found Huraux's Weapon Emporium.
  4464 | D:4      | Found Nuwk's Magic Scroll Emporium.
  4464 | D:4      | Found Kium's Magic Scroll Emporium.
  4468 | D:4      | Bought a +0 pair of gloves of strength for 126 gold pieces
  4477 | D:4      | Bought a scroll of identify for 20 gold pieces
  4485 | D:4      | Bought a scroll of teleportation for 33 gold pieces
  4657 | D:4      | Noticed croobank's ghost (amateur DgTm)
  5453 | D:5      | Entered Level 5 of the Dungeon
  5766 | D:5      | Reached XP level 8. HP: 57/57 MP: 10/13
  5781 | D:5      | Reached skill level 4 in Spellcasting
  5817 | D:5      | Slain by a killer bee

Illustrated notes

Levels and vault maps discovered:
D:1:      lightli_arrival_boilingwater, layout_basic, minmay_3d_cube
D:2:      cheibrodos_greedy_goblins, layout_loops_ring, basic_altar,
          hellmonk_ecumenical_altar_watching_god
D:3:      layout_rooms, kennysheep_generic_room_14
D:4:      layout_basic, lightli_sewer_entry_pipes,
          gammafunk_ghost_abyssal_escape, minmay_shop_grid_forest,
          minmay_fractal_squares_diagonal_5, uniq_duvessa
D:5:      layout_basic, ebering_ghost_rock_garden, nrook_pool_corridor,
          uniq_pikel

Skill      XL: |  1  2  3  4  5  6  7  8 |
---------------+-------------------------+-----
Fighting       | 1 2 |  2.6
Staves         | 1 |  1.2
Conjurations   | 2 3 |  3.1
Summonings     | 2 |  2.9
Air Magic      | 1 2 |  2.3
Poison Magic   | 1 2 |  2.3
Long Blades    | 1 |  1.9
Dodging        | 3 |  3.5
Stealth        | 3 |  3.6
Spellcasting   | 4 |  4.0
Translocations | |  1.1

Action                   |  1- 3 |  4- 6 |  7- 9 || total
-------------------------+-------+-------+-------++-------
Melee: Dagger            |    35 |    52 |       ||    87
       Quarterstaff      |    26 |       |       ||    26
       Punch             |     1 |       |       ||     1
       Double sword      |       |    10 |    55 ||    65
 Cast: Magic Dart        |    48 |    39 |    28 ||   115
       Call Imp          |     6 |    14 |     4 ||    24
       Mephitic Cloud    |       |     1 |     3 ||     4
       Blink             |       |       |     2 ||     2
  Use: Potion            |       |     1 |       ||     1
       Scroll            |       |       |     4 ||     4
 Stab: Sleeping          |     1 |       |       ||     1
       Distracted        |       |     1 |       ||     1
Armor: Robe              |    10 |     8 |    12 ||    30
Dodge: Dodged            |    60 |    47 |    47 ||   154

Table legend: (Time is in decaauts)
 A = Elapsed time spent in this place.
 B = Non-inter-level travel time spent in this place.
 C = Inter-level travel time spent in this place.
 D = Time resting spent in this place.
 E = Time spent auto-exploring this place.
 F = Levels seen in this place.
 G = Mean time per level.
                   A        B        C        D        E       F      G
               +--------+--------+--------+--------+--------+-----+--------+
         Total |   5881 |   5755 |    126 |   2144 |   2668 |   5 | 1176.2 |
       Dungeon |   5881 |   5755 |    126 |   2144 |   2668 |   5 | 1176.2 |
               +--------+--------+--------+--------+--------+-----+--------+

Top non-repeatable levels by time:
     D:1: 2218 daAuts
     D:4: 1867 daAuts
     D:2: 1035 daAuts
     D:3: 386 daAuts
     D:5: 374 daAuts
